 Dungeon Crawl Stone Soup version 0.20.1-1-g8b1a95d (webtiles) character file.

2168 rin1221 the Ogre Mage (level 9, -11/85 HPs)
             Began as an Ogre Wizard on July 16, 2017.
             Mangled by a chaos spawn (13 damage)
             ... summoned by an orc sorcerer
             ... while paralysed by an orc sorcerer
             ... in a bailey on July 17, 2017.
             The game lasted 00:50:28 (10303 turns).

rin1221 the Ogre Mage (Ogre Wizard)                Turns: 10303, Time: 00:50:29

Health: -11/85     AC:  6    Str: 13    XL:     9   Next: 32%
Magic:  20/20      EV:  1    Int: 21    God:
Gold:   242        SH:  0    Dex:  8    Spells: 8/21 levels left

rFire    . . .     SeeInvis .   r - +0 trident
rCold    . . .     Gourm    .   (no shield)
rNeg     . . .     Faith    .   a - +1 robe
rPois    .         Spirit   .   g - +2 hat
rElec    .         Reflect  .   (no cloak)
rCorr    .         Harm     .   (gloves unavailable)
MR       .....                  (boots unavailable)
Stlth    +.........             (no amulet)
Regen    0.3/turn               (no ring)
MPRegen  0.2/turn               (no ring)

@: paralysed, very slightly contaminated
A: unfitting armour, beak, high mp 1, tough skin 1
a: no special abilities


You were in a bailey.
You were not hungry.

You visited 1 branch of the dungeon, and saw 7 of its levels.
You also visited: Sewer and Bailey.

You collected 296 gold pieces.
You spent 54 gold pieces at shops.

Inventory:

Hand Weapons
 f - a +1 short sword of venom
 m - a +1 spear
 o - a +0 hand axe of chopping
 r - a +0 trident (weapon)
 F - a +0 dagger of venom
 G - a cursed -2 quarterstaff
Missiles
 k - 172 stones (quivered)
 w - 5 tomahawks
Armour
 a - a +1 robe (worn)
 g - a +2 hat (worn)
 E - a +0 shield
Jewellery
 t - an uncursed amulet of guardian spirit
Wands
 l - a wand of enslavement (19/24)
 v - a wand of disintegration (5/24)
Scrolls
 e - a scroll of identify
 i - a scroll of enchant armour
 j - a scroll of remove curse
 x - a scroll of blinking
 y - 3 scrolls of recharging
 B - 2 scrolls of fog
 C - 2 scrolls of magic mapping
Potions
 b - 2 potions of berserk rage
 h - 5 potions of curing
 p - 5 potions of magic
 q - a potion of invisibility
 u - a potion of mutation {unknown}
 z - a potion of degeneration {unknown}
 A - a potion of agility {unknown}
 D - a potion of might {unknown}
Books
 c - a book of Minor Magic

   Spells                             Type                      Level
   a - Magic Dart                     Conjuration                  1
   b - Blink                          Translocation                2
   c - Call Imp                       Summoning                    2
   d - Slow                           Hexes                        2
   e - Conjure Flame                  Conjuration/Fire             3
   f - Mephitic Cloud                 Conjuration/Poison/Air       3
Comestibles
 d - 4 bread rations
 s - a meat ration


   Skills:
 + Level 4.4 Fighting
 + Level 2.6 Polearms
 + Level 3.1 Dodging
 - Level 1.4 Stealth
 + Level 1.3 Shields
 + Level 6.5 Spellcasting
 + Level 4.7 Conjurations
 + Level 3.6 Hexes
 + Level 3.4 Summonings
 + Level 3.2 Translocations
 - Level 2.0 Fire Magic
 + Level 1.6 Air Magic


You had 8 spell levels left.
You knew the following spells:

 Your Spells              Type           Power        Failure   Level  Hunger
a - Magic Dart            Conj           ####         1%          1    None
b - Blink                 Tloc           N/A          3%          2    None
c - Call Imp              Summ           ###.....     3%          2    None
d - Slow                  Hex            ###.....     3%          2    None
e - Conjure Flame         Conj/Fire      ###.....     7%          3    #......
f - Mephitic Cloud        Conj/Pois/Air  ###.....     12%         3    #......


Dungeon Overview and Level Annotations

Branches:
Dungeon (7/15)
 Temple: D:4-7

Altars:
Kikubaaqudgha
Xom
Zin
The Shining One

Shops:
D:6 [


Innate Abilities, Weirdness & Mutations

You are too large for most types of armour.
You have tough skin. (AC +1)
You have a beak for a mouth.
You have an increased reservoir of magic. (+10% MP)


Message History

Aim: an orc sorcerer, wielding a war axe and wearing a scale mail (lightly wounded, chance to defeat MR: 48%)
The orc sorcerer resists with some effort.
This wand has 5 charges left.
The chaos spawn gores you.
A fistful of eyes flickers past your view.
The orc sorcerer points at you and mumbles some strange words.
You suddenly lose the ability to move!
The orc high priest hits you with a war axe.
The orc barely misses something.
The hobgoblin closely misses something.
The chaos spawn hits you!
* * * LOW HITPOINT WARNING * * *
The chaos spawn freezes you!
* * * LOW HITPOINT WARNING * * *
The orc sorcerer becomes larger for a moment.
The orc sorcerer hits you with a war axe.
* * * LOW HITPOINT WARNING * * *
The orc high priest invokes the aid of Beogh against you.
Pain shoots through your body!
* * * LOW HITPOINT WARNING * * *
The chaos spawn hits you!
You die...

+.....'..#
#..⌠..#..####
#.....#.5...#
#.....#3..8.#
#######..g).#
#########58.#
........4...#
.......4o.8.#
..._...@o...+
.........#+##
##########
+..!? #..:!
######


You could see an orc high priest, a rust devil, a chaos spawn, an orc sorcerer,
a hobgoblin and a friendly crimson imp.

Vanquished Creatures
  Grinder (D:3)
  A phantom (D:5)
  A sky beast (D:5)
  2 ogres (D:6)
  2 centaurs (D:5)
  7 bullfrogs
  2 scorpions (D:5)
  A crimson imp (D:6)
  A jelly (D:5)
  2 orc priests (D:3)
  3 hounds
  2 iguanas
  2 orc wizards
  A centaur skeleton (D:5)
  Ijyb (D:3)
  2 worker ants
  A hound zombie (D:6)
  7 adders
  3 river rats (Sewer)
  2 oozes
  An adder skeleton (D:5)
  A dart slug (D:2)
  4 leopard geckos
  9 orcs
  2 bat zombies (D:3)
  4 giant cockroaches
  16 goblins
  9 hobgoblins
  10 jackals
  2 quokkas (D:5)
  12 ball pythons
  4 bats
  7 frilled lizards
  4 kobolds
  A quokka skeleton (D:6)
  27 rats
  3 rat zombies (D:3)
160 creatures vanquished.

Vanquished Creatures (collateral kills)
  The ghost of chaoswolf the Chopper, an amateur DsBe of Trog (D:3)
  An orc warrior (D:6)
  An ogre (D:5)
  A centaur (D:5)
  A bullfrog (Sewer)
  Terence (D:2)
  Natasha (twice) (D:3)
  A worker ant (D:3)
  Robin (D:3)
  A gnoll (Bailey)
  An ooze (Sewer)
  7 orcs
  2 ball pythons (Sewer)
  7 goblins
  4 hobgoblins (D:3)
  A leopard gecko skeleton (D:6)
  2 rats (Sewer)
35 creatures vanquished.

Vanquished Creatures (others)
  An orc wizard (D:5)
1 creature vanquished.

Grand Total: 196 creatures vanquished

Notes
Turn   | Place    | Note
-------+----------+-------------------------------------------
     0 | D:1      | rin1221 the Ogre Wizard began the quest for the Orb.
     0 | D:1      | Reached XP level 1. HP: 16/16 MP: 5/5
   208 | D:1      | Reached skill level 1 in Conjurations
   571 | D:1      | Reached skill level 1 in Fighting
   571 | D:1      | Reached XP level 2. HP: 27/27 MP: 1/6
   575 | D:1      | Learned a level 2 spell: Blink
   578 | D:1      | Learned a level 2 spell: Call Imp
   581 | D:1      | Learned a level 2 spell: Slow
  1056 | D:1      | Reached skill level 1 in Summonings
  1079 | D:1      | Reached skill level 4 in Spellcasting
  1523 | D:2      | Reached XP level 3. HP: 33/33 MP: 4/8
  1631 | D:2      | Reached skill level 1 in Translocations
  2245 | D:2      | Learned a level 3 spell: Mephitic Cloud
  2642 | D:3      | Found a shimmering altar of Xom.
  2642 | D:3      | Found a glowing silver altar of Zin.
  2642 | D:3      | Noticed an angel
  2690 | D:3      | Noticed Terence
  2758 | D:2      | Reached XP level 4. HP: 30/41 MP: 7/10
  2784 | D:2      | Killed Terence
  2959 | D:3      | Noticed Grinder
  2984 | D:3      | Noticed chaoswolf's ghost (amateur DsBe)
  2999 | D:3      | Paralysed by Grinder for 3 turns
  3007 | D:3      | Killed Grinder
  3007 | D:3      | Reached skill level 1 in Hexes
  3007 | D:3      | Reached XP level 5. HP: 6/49 MP: 2/11
  3011 | D:3      | HP: 2/49 [chaoswolf's ghost (3)]
  3021 | D:3      | HP: 2/49 [worker ant (4)]
  3024 | D:3      | Killed chaoswolf's ghost
  3024 | D:3      | Reached XP level 6. HP: 1/59 MP: 5/12
  3067 | D:3      | Learned a level 3 spell: Conjure Flame
  3279 | D:3      | Noticed Robin
  3298 | D:3      | Killed Robin
  3451 | D:3      | Found an ancient bone altar of Kikubaaqudgha.
  3615 | D:3      | Noticed Ijyb
  3633 | D:3      | Killed Ijyb
  3737 | D:3      | Noticed Natasha
  3773 | D:3      | Killed Natasha
  4164 | D:3      | Reached XP level 7. HP: 9/67 MP: 0/14
  4562 | D:3      | Noticed Natasha
  4572 | D:3      | Killed Natasha
  5316 | D:5      | Entered Level 5 of the Dungeon
  5875 | D:5      | Gained mutation: You have an increased reservoir of magic. (+10% MP) [mutagenic meat]
  5876 | D:5      | Gained mutation: You have a beak for a mouth. [mutagenic meat]
  6075 | D:5      | Reached skill level 5 in Spellcasting
  6182 | D:5      | Reached XP level 8. HP: 13/76 MP: 1/17
  7116 | D:5      | Reached skill level 1 in Polearms
  7396 | D:5      | Reached skill level 1 in Fire Magic
  7779 | D:6      | Found a glowing drain.
  7829 | D:6      | Found Tilamoca's Armour Boutique.
  7862 | Sewer    | Entered a sewer
  8351 | Sewer    | Reached skill level 6 in Spellcasting
  8828 | D:6      | Bought a +0 shield for 54 gold pieces
  8979 | D:6      | Reached skill level 1 in Air Magic
  8979 | D:6      | Reached XP level 9. HP: 62/85 MP: 13/20
  9172 | D:6      | Found a glowing golden altar of the Shining One.
  9273 | D:6      | Reached skill level 1 in Shields
 10099 | D:7      | Found a flagged portal.
 10104 | Bailey   | Entered a bailey
 10276 | Bailey   | Noticed an orc sorcerer
 10278 | Bailey   | Noticed an orc high priest
 10280 | Bailey   | Paralysed by an orc sorcerer for 3 turns
 10284 | Bailey   | Noticed a rust devil
 10284 | Bailey   | Noticed a smoke demon
 10297 | Bailey   | Found an iron altar of Okawaru.
 10301 | Bailey   | Paralysed by an orc sorcerer for 4 turns
 10302 | Bailey   | HP: 2/85 [orc high priest/nerve-wracking pain (9)]
 10303 | Bailey   | Mangled by a chaos spawn

Skill      XL: |  1  2  3  4  5  6  7  8  9 |
---------------+----------------------------+-----
Conjurations   | 1 2 3 4 |  4.7
Fighting       | 1 2 3 4 |  4.4
Summonings     | 1 2 3 |  3.4
Spellcasting   | 4 5 6 |  6.5
Translocations | 1 2 3 |  3.2
Hexes          | 1 2 3 |  3.6
Dodging        | 2 3 |  3.1
Polearms       | 1 2 |  2.6
Fire Magic     | 2 |  2.0
Air Magic      | 1 |  1.6
Shields        | 1 |  1.3
Stealth        | |  1.4

Action                   |  1- 3 |  4- 6 |  7- 9 || total
-------------------------+-------+-------+-------++-------
Melee: Dagger            |     6 |       |       ||     6
       Club              |     5 |       |       ||     5
       Spear             |    29 |    70 |    29 ||   128
       Trident           |       |       |   131 ||   131
       Peck              |       |       |    12 ||    12
 Cast: Magic Dart        |    75 |    61 |   275 ||   411
       Blink             |     1 |     1 |     7 ||     9
       Call Imp          |       |    21 |    57 ||    78
Evoke: Wand              |       |       |     1 ||     1
  Use: Potion            |       |     5 |     3 ||     8
       Scroll            |       |       |    15 ||    15
 Stab: Distracted        |       |     1 |       ||     1
  Eat: Meat ration       |     1 |       |     1 ||     2
       Fruit             |       |     2 |       ||     2
       Chunk             |       |     3 |     6 ||     9
       Royal jelly       |       |       |     4 ||     4
       Bread ration      |       |       |     1 ||     1
Armor: Robe              |    11 |    22 |   112 ||   145
Dodge: Dodged            |    31 |    61 |   219 ||   311
